Map: 카이로스 정션 - 래더

Players

lllIIIIllll (Creator)

  • Race: Protoss Protoss
  • League: Master
  • Spawn Location: 5:00

TSGSolar (Solar) - Winner!

  • Race: Zerg Zerg
  • Spawn Location: 11:00

Event: HomeStory Cup XIX

VOD

Have the link to the VOD?

Description

Time

  • Played on: June 27, 2019, 10:02 a.m.
  • Length: 7:37

All games in this series

Show
View Real Time Build Order
Export as new Build Order

lllIIIIllll Protoss 

Build Orders: 1 Gate Expand, Oracle Opening, Phoenix Opening, Zealot Archon, Archon Drop 

Get SALT Encoding   

  12  0:00  Probe  
  13  0:12  Probe  
  14  0:18  Pylon  
  14  0:24  Probe  
  15  0:33  Probe  
  15  0:40  Gateway  
  15  0:41  Probe  
  16  0:46  Assimilator  
  17  0:51  Probe  
  18  1:03  Probe  
  19  1:15  Probe  
  20  1:23  Nexus  
  20  1:33  Cybernetics Core  
  20  1:37  Probe  
  21  1:42  Assimilator  
  21  1:49  Probe  
  21  1:52  Pylon  
  22  1:58  Pylon  
  22  2:01  Probe  
  22  2:08  Adept  
  23  2:16  Probe  
  23  2:17  Stargate  
  26  2:24  Warp Gate  
  26  2:27  Probe  
  27  2:31  Probe  
  27  2:35  Probe  
  27  2:36  Adept  
  28  2:39  Probe  
  28  2:43  Probe  
  32  2:49  Probe  
  33  2:55  Probe  
  33  2:56  Phoenix  
  35  3:01  Probe  
  38  3:07  Probe  
  39  3:13  Probe  
  39  3:16  Oracle  
  39  3:17  Pylon  
  39  3:19  Probe  
  41  3:25  Probe  
  45  3:31  Probe  
  46  3:36  Assimilator  
  46  3:38  Assimilator  
  46  3:39  Probe  
  47  3:43  Probe  
  47  3:45  Robotics Facility  
  47  3:47  Gateway  
  48  3:49  Probe  
  48  3:53  Twilight Council  
  48  3:55  Probe, Pylon  
  50  3:57  Probe  
  51  4:06  Probe  
  51  4:07  Probe  
  53  4:10  Gateway  
  53  4:19  Probe  
  53  4:23  Adept  
  56  4:24  Gateway, Warp Prism  
  58  4:39  Templar Archives  
  58  4:44  Probe  
  58  4:45  Probe  
  60  4:47  Pylon  
  60  4:48  Pylon  
  60  5:03  Nexus  
  60  5:05  Zealot x2, Pylon  
  62  5:07  Pylon  
  62  5:10  Adept  
  62  5:11  Probe  
  62  5:12  Probe  
  66  5:24  Probe x2  
  66  5:26  High Templar x2  
  66  5:27  High Templar  
  74  5:32  Archon, High Templar  
  75  5:36  Probe x2, Archon  
  81  5:42  Immortal  
  81  5:48  Probe x2  
  76  5:59  Probe  
  76  6:00  Probe  
  76  6:07  Probe  
  74  6:11  Sentry x2  
  74  6:12  Probe  
  74  6:14  Probe, Immortal  
  74  6:15  Probe  
  81  6:22  Probe  
  81  6:24  Probe  
  87  6:26  Probe  
  87  6:30  Forge  
  87  6:31  Probe  
  87  6:32  Assimilator  
  89  6:35  Assimilator  
  89  6:36  Probe  
  89  6:38  Probe  
  92  6:40  Shield Battery  
  92  6:43  Sentry, Shield Battery  
  92  6:44  Probe, Sentry  
  87  7:02  Sentry x2  
  89  7:11  Gateway  
  89  7:13  Gateway  
  89  7:15  Zealot x2  
  85  7:16  Gateway  
  85  7:18  Gateway  
  82  7:28  Zealot  
  82  7:29  Zealot  
Show
View Real Time Build Order
Export as new Build Order

TSGSolar Zerg - Winner!

Build Orders: Hatch First 

Get SALT Encoding   

  12  0:01  Drone  
  13  0:11  Overlord  
  13  0:16  Drone  
  14  0:30  Drone  
  15  0:42  Drone  
  16  0:49  Hatchery  
  15  0:51  Drone  
  15  0:55  Drone  
  17  0:59  Drone  
  18  1:10  Extractor  
  17  1:14  Spawning Pool  
  17  1:17  Drone  
  17  1:20  Drone  
  18  1:27  Drone  
  19  1:38  Drone  
  20  1:53  Drone  
  21  1:59  Overlord  
  21  2:01  Queen x2  
  23  2:02  Zergling x2  
  26  2:09  Metabolic Boost  
  26  2:11  Drone  
  28  2:15  Zergling x2  
  28  2:21  Drone  
  29  2:27  Drone  
  30  2:36  Hatchery  
  29  2:37  Drone  
  30  2:45  Queen  
  30  2:49  Overlord  
  32  2:53  Drone  
  32  2:54  Drone  
  32  2:57  Drone  
  35  3:00  Drone  
  36  3:08  Drone  
  36  3:09  Drone  
  36  3:12  Drone x3  
  41  3:20  Overlord  
  41  3:21  Queen  
  41  3:22  Drone  
  44  3:28  Overlord  
  44  3:31  Drone, Spore Crawler  
  44  3:39  Drone  
  45  3:42  Overlord  
  45  3:48  Queen  
  47  3:49  Drone, Spore Crawler  
  47  3:51  Drone x3  
  47  3:53  Zergling x2  
  47  3:54  Zergling x2  
  52  3:56  Zergling x2  
  52  3:57  Zergling x2  
  52  4:00  Drone  
  55  4:03  Drone x2  
  57  4:11  Drone, Overlord  
  57  4:12  Drone x3  
  57  4:14  Drone  
  62  4:18  Spore Crawler  
  62  4:19  Spore Crawler  
  62  4:22  Drone, Spore Crawler  
  61  4:24  Drone x2  
  61  4:29  Lair  
  63  4:34  Zergling x4  
  63  4:36  Drone x2  
  63  4:38  Zergling x4  
  68  4:41  Extractor, Roach Warren  
  68  4:42  Extractor  
  68  4:44  Overlord  
  68  4:45  Drone x2  
  67  4:46  Drone  
  67  4:47  Drone  
  67  4:48  Drone  
  67  4:50  Extractor  
  67  4:52  Overlord  
  69  4:59  Zergling x8  
  73  5:01  Overlord  
  72  5:13  Drone x2  
  73  5:20  Overlord  
  70  5:21  Drone  
  70  5:22  Drone  
  70  5:23  Roach x5  
  70  5:28  Glial Reconstitution  
  81  5:29  Overseer, Roach  
  81  5:32  Roach  
  81  5:33  Roach  
  86  5:40  Roach x2  
  86  5:41  Overlord  
  90  5:43  Roach x2  
  90  5:44  Roach  
  90  5:45  Overlord  
  90  5:48  Roach  
  90  5:49  Roach  
  100  5:52  Roach  
  100  5:57  Roach x2  
  105  6:02  Roach x2  
  105  6:03  Roach  
  110  6:05  Roach  
  110  6:08  Roach  
  110  6:10  Roach  
  114  6:13  Overlord x2  
  114  6:14  Overlord  
  114  6:15  Roach x2  
  114  6:17  Roach  
  119  6:20  Zergling x2, Roach  
  119  6:24  Overlord  
  122  6:29  Overlord  
  122  6:31  Overlord  
  122  6:33  Roach  
  122  6:34  Ravager  
  122  6:38  Ravager  
  122  6:39  Zergling x8  
  130  6:42  Roach x2  
  130  6:46  Roach  
  136  6:48  Zergling x12  
  136  6:49  Ravager  
  136  6:53  Roach  
  141  6:56  Roach  
  141  7:01  Ravager  
  138  7:02  Zergling x4  
  140  7:10  Zergling x4  
  140  7:13  Roach x3  
  142  7:17  Roach x4  
  142  7:18  Zergling x8  
Tags
 
Add a new tag
Caveats
  • Supply blocks, unpowered buildings, or Contaminate may cause inaccurate times.
  • Supply counts are checked every 10 seconds.